 Dungeon Crawl Stone Soup version 0.26.1 (webtiles) character file.

Game seed: 8355216391637086895

69 Gadfly the Skirmisher (level 4, 35/35 HPs)
             Began as a Demonspawn Monk on Feb 6, 2021.
             Quit the game on level 2 of the Dungeon.
             The game lasted 00:02:28 (1906 turns).

Gadfly the Skirmisher (Demonspawn Monk)             Turns: 1906, Time: 00:02:28

Health: 35/35      AC:  5    Str: 13    XL:     4   Next: 2%
Magic:  5/5        EV: 11    Int: 13    God:
Gold:   88         SH:  0    Dex: 15    Spells: 3/3 levels left

rFire    . . .     SeeInvis .   b - +2 dagger (venom)
rCold    . . .     Faith    .   (no shield)
rNeg     . . .     Spirit   .   c - +0 ring mail
rPois    .         Reflect  .   (no helmet)
rElec    .         Harm     .   (no cloak)
rCorr    .         Rampage  .   (no gloves)
Will     .....                  (no boots)
Stlth    +.........             (no amulet)
HPRegen  0.11/turn              (no ring)
MPRegen  0.09/turn              (no ring)

@: no status effects
A: hooves 2, big brain 1
a: no special abilities


You were on level 2 of the Dungeon.
You visited 1 branch of the dungeon, and saw 2 of its levels.

You collected 88 gold pieces.

Inventory:

Hand Weapons
 a - a +1 hand axe
 b - a +2 dagger of venom (weapon)
Armour
 c - a +0 ring mail (worn)
Scrolls
 h - 3 scrolls of remove curse
Potions
 d - a potion of heal wounds
 g - a potion of curing {unknown}
 i - a potion of flight {unknown}


   Skills:
 - Level 3.0 Fighting
 + Level 2.9 Axes
 * Level 1.5 Armour
 - Level 2.6 Dodging
 - Level 1.7 Stealth
 * Level 2.4 Invocations
 * Level 1.8 Evocations


You had 3 spell levels left.
You didn't know any spells.
Your spell library contained the following spells:

 Spells                   Type           Power        Failure   Level
 Blink                    Tloc           N/A          69%         2


Dungeon Overview and Level Annotations

Branches:
Dungeon (2/15)

Altars:


Innate Abilities, Weirdness & Mutations

You have hoof-like feet.
You have an unusually large brain. (Int +2)


Message History

No reachable target in view!
A giant cockroach comes into view.
The bat misses you. The bat closely misses you. x2
You closely miss the bat. You kick the bat.
You kill the bat!
You have reached level 4!
You feel stronger.
Your demonic ancestry asserts itself...
Your feet thicken and deform.
The giant cockroach bites you but does no damage.
You see here a leather armour.
You hit the giant cockroach.
The giant cockroach is poisoned.
You kick the giant cockroach.
You kill the giant cockroach!
No target in view!
No target in view!
No target in view!
No target in view!
No target in view!
No target in view!
Are you sure you want to abandon this character and quit the game? (Confirm with "yes".)

#####.###.# ### ....#.#
#.. ..# ###.#.# ### #.#
#(#.#########.#
###...........#.#######.
#.....#######...........
#.##### #...###≈..≈# #.#
#..#...# #.# #..#@†.#
#.### #..#†..# ....####
.#(.###≈≈≈ .........
.##.. ≈≈≈≈≈ ###.##### ##
.... ≈≈≈≈ #.# .... ≈≈#
#.# .#..# ≈#. #.# #.##.
#.#


There were no monsters in sight!

Vanquished Creatures
  Jessica (D:2)
  An ooze (D:2)
  A ball python (D:1)
  3 giant cockroaches
  3 goblins (D:1)
  9 hobgoblins
  A quokka (D:2)
  7 bats
  4 frilled lizards
  5 kobolds
  A rat (D:1)
36 creatures vanquished.

Notes
Turn   | Place    | Note
-------+----------+-------------------------------------------
     0 | D:1      | Gadfly the Demonspawn Monk began the quest for the Orb.
     0 | D:1      | Reached XP level 1. HP: 18/18 MP: 1/1
   401 | D:1      | Reached skill level 1 in Invocations
   401 | D:1      | Gained mutation: You have large cloven feet. [demonic
                  | ancestry]
   401 | D:1      | Reached XP level 2. HP: 20/24 MP: 2/2
   488 | D:1      | Reached skill level 1 in Evocations
   655 | D:1      | Reached skill level 1 in Armour
  1445 | D:2      | Gained mutation: You have an unusually large brain. (Int
                  | +2) [demonic ancestry]
  1445 | D:2      | Reached XP level 3. HP: 29/29 MP: 4/4
  1810 | D:2      | Noticed Jessica
  1815 | D:2      | Killed Jessica
  1837 | D:2      | Identified Jessica's Tome of Displacement
  1904 | D:2      | Gained mutation: You have hoof-like feet. [demonic
                  | ancestry]
  1904 | D:2      | Reached XP level 4. HP: 35/35 MP: 5/5
  1906 | D:2      | Quit the game

Illustrated notes

Levels and vault maps discovered:
D:1:      dpeg_arrival_solitude, layout_loops_ring, minivault_5
D:2:      layout_loops_ring, nzn_hepliaklqana_mist_gate, fountainhead,
          kennysheep_jessica_study

Skill      XL: |  1  2  3 |
---------------+----------+-----
Invocations    | 1 2 |  2.4
Evocations     | 1 |  1.8
Armour         | 1 |  1.5
Fighting       | |  3.0
Axes           | |  2.9
Dodging        | |  2.6
Stealth        | |  1.7

Action                   |  1- 3 |  4- 6 || total
-------------------------+-------+-------++-------
Melee: Hand axe          |    52 |       ||    52
       Dagger            |    35 |     1 ||    36
       Kick              |    11 |     1 ||    12
  Use: Scroll            |     9 |       ||     9
 Stab: Sleeping          |     1 |       ||     1
Armor: Robe              |    16 |       ||    16
       Ring mail         |    22 |     1 ||    23
Dodge: Dodged            |    63 |       ||    63
